 Dungeon Crawl Stone Soup version 0.28.0-43-g3370ac3207 (webtiles) character file.

Game seed: 836088029667228818

989 terff the Chopper (level 8, 0/69 HPs)
             Began as a Hill Orc Fighter on Apr 1, 2022.
             Was a Follower of Okawaru.
             Slain by Prince Ribbit (6 damage)
             ... on level 6 of the Dungeon.
             The game lasted 00:07:53 (5365 turns).

terff the Chopper (Hill Orc Fighter)                Turns: 5365, Time: 00:07:54

Health: 0/69       AC: 13    Str: 19    XL:     8   Next: 18%
Magic:  8/8        EV:  7    Int:  8    God:    Okawaru [*.....]
Gold:   315        SH:  5    Dex: 12    Spells: 7/7 levels left

rFire   . . .      SeeInvis .   a - +0 war axe
rCold   + . .      Faith    .   c - +0 buckler
rNeg    . . .      Spirit   .   l - +2 chain mail {rC+}
rPois   .          Reflect  .   (no helmet)
rElec   .          Harm     .   h - +0 cloak
rCorr   .          Rampage  .   (no gloves)
Will    .....      Rnd*Tele +   (no boots)
Stlth   ..........              (no amulet)
HPRegen 0.21/turn               (no ring)
MPRegen 0.11/turn               (no ring)

@: no status effects
A: teleportitis 1
a: Renounce Religion, Heroism


You were on level 6 of the Dungeon.
You worshipped Okawaru.
Okawaru was aware of your devotion.
You visited 2 branches of the dungeon, and saw 7 of its levels.

You collected 315 gold pieces.

Inventory:

Hand Weapons
 a - a +0 war axe (weapon)
Armour
 c - a +0 buckler (worn)
 h - a +0 cloak (worn)
 l - a +2 chain mail of cold resistance (worn)
 n - a +3 plate armour
Potions
 b - 2 potions of lignification {unknown}
 d - a potion of might
 e - a potion of berserk rage
 f - 4 potions of haste
 g - 2 potions of flight {unknown}
 i - 2 potions of heal wounds
 j - a potion of curing {unknown}
 k - a potion of attraction
 m - a potion of invisibility {unknown}


   Skills:
 + Level 5.4 Fighting
 + Level 7.6 Axes
 + Level 6.3 Armour
 + Level 1.3 Dodging
 + Level 0.7 Stealth
 + Level 5.0 Shields


You had 7 spell levels left.
You didn't know any spells.
Your spell library contained the following spells:

 Spells                   Type           Power      Damage    Failure   Level
 Magic Dart               Conj           0%         1d3       99%         1
 Mephitic Cloud           Conj/Pois/Air  0%         N/A       100%        3
 Passage of Golubria      Tloc           0%         N/A       100%        4
 Alistair's Intoxication  Tmut/Pois      0%         N/A       100%        5
 Borgnjor's Vile Clutch   Necr/Erth      0%         N/A       100%        5
 Silence                  Hex/Air        0%         N/A       100%        5
 Eringya's Noxious Bog    Tmut/Pois      0%         N/A       100%        6
 Lehudib's Crystal Spear  Conj/Erth      0%         10d2      100%        8
 Call Imp                 Summ           Unusable   N/A       N/A         2

Dungeon Overview and Level Annotations

Branches:
Dungeon (6/15)             Temple (1/1) D:4

Altars:
Ashenzari
Cheibriados
Dithmenos
Elyvilon
Fedhas
Gozag
Hepliaklqana
Kikubaaqudgha
Makhleb
Nemelex Xobeh
Okawaru
Ru
Sif Muna
Trog
Vehumet
Wu Jian
Xom
Yredelemnul
Zin
The Shining One

Shops:
D:2 :   D:5 (?*:(

Annotations:
D:6 Prince Ribbit


Innate Abilities, Weirdness & Mutations

You are occasionally teleported next to monsters.


Message History

Prince Ribbit is lightly wounded.
Prince Ribbit hits you but does no damage.
Prince Ribbit hits you.
You slash Prince Ribbit!
Prince Ribbit is heavily wounded.
Prince Ribbit hits you but does no damage.
You block Prince Ribbit's attack.
You miss Prince Ribbit.
Prince Ribbit is heavily wounded.
You block Prince Ribbit's attack.
You closely miss Prince Ribbit.
Prince Ribbit is heavily wounded.
You block Prince Ribbit's attack. Prince Ribbit closely misses you.
You barely miss Prince Ribbit.
Prince Ribbit is heavily wounded.
Prince Ribbit hits you but does no damage.
You closely miss Prince Ribbit.
Prince Ribbit is heavily wounded.
Prince Ribbit blinks!
Prince Ribbit hits you.
* * * LOW HITPOINT WARNING * * *
Prince Ribbit hits you.
* * * LOW HITPOINT WARNING * * *
You barely miss Prince Ribbit.
Prince Ribbit is heavily wounded.
Prince Ribbit catches a fly with his tongue.
Prince Ribbit barely misses you.
You miss Prince Ribbit.
Prince Ribbit is moderately wounded.
Prince Ribbit hits you.
* * * LOW HITPOINT WARNING * * *
Prince Ribbit hits you.
* * * LOW HITPOINT WARNING * * *
You closely miss Prince Ribbit.
Prince Ribbit is moderately wounded.
Prince Ribbit barely misses you.
You closely miss Prince Ribbit.
Prince Ribbit is moderately wounded.
Prince Ribbit barely misses you. Prince Ribbit hits you.
You die... #......## #..P.P._ ##...#.#.## #.P.P.. #......#.)# #.P.... #.......##.# #.P.PPP

##......## .# #......
##.......###.###.<....
#................#####
.###..F....###.####
.......@...#
.####..)..## ##
#........... #.
.>.)...#.####.# .# #.
.......#.# #.##.## #.
######.#.####.#...####.
#..........#...##.
##...(.[.....#.##.
#..........##.##.


You could see Prince Ribbit.

Vanquished Creatures
  Pargi (D:3)
  2 black bears
  2 necrophages
  A phantom (D:5)
  2 water moccasin skeletons
  A centaur zombie (D:5)
  A jelly (D:4)
  A bullfrog skeleton (D:6)
  An iguana (D:6)
  Jessica (D:2)
  Terence (D:2)
  A hound zombie (D:5)
  4 gnolls (D:2)
  7 adders
  An adder skeleton (D:4)
  A worm (D:2)
  A dart slug (D:5)
  5 orcs
  12 ball pythons
  3 bats
  7 endoplasms
  3 giant cockroaches (D:1)
  5 goblins
  5 hobgoblins
  5 jackals
  8 kobolds
  4 quokkas (D:2)
  5 frilled lizards
  7 rats
98 creatures vanquished.

Notes
Turn   | Place    | Note
-------+----------+-------------------------------------------
     0 | D:1      | terff the Hill Orc Fighter began the quest for the Orb.
     0 | D:1      | Reached XP level 1. HP: 19/19 MP: 1/1
   227 | D:1      | Reached XP level 2. HP: 27/27 MP: 2/2
   391 | D:1      | Found a faded altar of an unknown god.
   545 | D:1      | Reached skill level 3 in Axes
   685 | D:1      | Reached XP level 3. HP: 33/33 MP: 3/3
  1137 | D:2      | Found Kuablyh's Book Boutique.
  1190 | D:2      | Noticed Jessica
  1195 | D:2      | Killed Jessica
  1201 | D:2      | Reached XP level 4. HP: 16/40 MP: 4/4
  1437 | D:2      | Noticed Terence
  1448 | D:2      | Killed Terence
  1449 | D:2      | Reached skill level 4 in Axes
  1607 | D:2      | Reached XP level 5. HP: 32/47 MP: 5/5
  2204 | D:3      | Noticed Pargi
  2217 | D:3      | Killed Pargi
  2218 | D:3      | Reached skill level 5 in Axes
  2218 | D:3      | Reached XP level 6. HP: 32/53 MP: 6/6
  3139 | D:3      | Found a sparkling altar of Nemelex Xobeh.
  3229 | D:4      | Reached skill level 5 in Fighting
  3356 | D:4      | Gained mutation: You expend magic power (3 MP) to
                  | strengthen your wands. [potion of mutation]
  3357 | D:4      | Lost mutation: You expend magic power (3 MP) to strengthen
                  | your wands. [potion of mutation]
  3357 | D:4      | Gained mutation: You are occasionally teleported next to
                  | monsters. [potion of mutation]
  3479 | D:4      | Found a staircase to the Ecumenical Temple.
  3504 | Temple   | Entered the Ecumenical Temple
  3521 | Temple   | Became a worshipper of Warmaster Okawaru
  3655 | D:4      | Noticed a black bear
  3664 | D:4      | Killed a black bear
  3665 | D:4      | Reached skill level 6 in Axes
  3879 | D:4      | Noticed a necrophage
  3893 | D:4      | Killed a necrophage
  3894 | D:4      | Reached skill level 5 in Armour
  3894 | D:4      | Reached XP level 7. HP: 53/61 MP: 7/7
  4195 | D:5      | Entered Level 5 of the Dungeon
  4231 | D:5      | Found a sacrificial altar of Ru.
  4274 | D:5      | Reached skill level 1 in Dodging
  4433 | D:5      | Found Gazioty's Antique Weapon Shop.
  4433 | D:5      | Found Iquarph's Magic Scroll Boutique.
  4592 | D:5      | Found an ancient bone altar of Kikubaaqudgha.
  4764 | D:5      | Found Igywalug's General Store.
  4821 | D:5      | Found Kaixigot's Book Shoppe.
  4838 | D:5      | Reached * piety under Okawaru
  4986 | D:5      | Found Gisiref's Weapon Shoppe.
  5011 | D:5      | Reached skill level 7 in Axes
  5011 | D:5      | Reached XP level 8. HP: 66/69 MP: 8/8
  5022 | D:5      | Found a snail-covered altar of Cheibriados.
  5106 | D:6      | Found a basalt altar of Yredelemnul.
  5328 | D:6      | Reached skill level 5 in Shields
  5328 | D:6      | Noticed Prince Ribbit
  5365 | D:6      | Slain by Prince Ribbit

Illustrated notes

Levels and vault maps discovered:
D:1:      onia_arrival_pyramid, layout_basic, chequers_ecumenical_altar_simple
D:2:      minmay_spotlight, layout_basic, serial_shops, shop, uniq_jessica,
          uniq_terence
D:3:      layout_basic, nemelex_spade_bored_becter, serial_park_tiny_2,
          uniq_pargi
D:4:      black_bear_nest_1, layout_loops_ring,
          minmay_temple_entry_statues_fountains, st_stairs_10,
          nrook_mini_backslash, chequers_mini_garden
D:5:      layout_rooms, kennysheep_mini_moat,
          nicolae_kikubaaqudgha_miasma_corner, mainiacjoe_overflow_chevrons,
          serial_shops, shop, nicolae_shop_statue_plus, nicolae_shop_crystal,
          nicolae_diamond_shop, kennysheep_mini
D:6:      layout_loops_ring, mainiacjoe_overflow_six_doors_small,
          mainiacjoe_overflow_cross_hatched, uniq_maggie, uniq_prince_ribbit1,
          uniq_crazy_yiuf_cottage
Temple:   minmay_freezing_vapour_temple

Skill      XL: |  1  2  3  4  5  6  7  8 |
---------------+-------------------------+-----
Axes           | 3 4 5 6 7 |  7.6
Fighting       | 4 5 |  5.4
Armour         | 4 5 6 |  6.3
Shields        | 4 5 |  5.0
Dodging        | 1 |  1.3
Stealth        | |  0.7

Action                   |  1- 3 |  4- 6 |  7- 9 || total
-------------------------+-------+-------+-------++-------
Melee: War axe           |    61 |   163 |   107 ||   331
Throw: Throwing net      |       |     1 |       ||     1
  Use: Scroll            |     1 |     8 |     2 ||    11
       Potion            |       |     3 |     1 ||     4
Armor: Scale mail        |    24 |    99 |    26 ||   149
       Chain mail        |       |       |    54 ||    54
Dodge: Dodged            |    44 |    92 |    39 ||   175
Block: Buckler           |    17 |    41 |    31 ||    89
